 Dungeon Crawl Stone Soup version 0.27-a0-686-gaed091b46b (webtiles) character file.

Game seed: 14121438121101963633

1732 EldarEldrad the Cleaver (level 8, -7/64 HPs)
             Began as a Minotaur Berserker on Mar 21, 2021.
             Was a Priest of Trog.
             Mangled by a swamp worm (15 damage)
             ... on level 7 of the Dungeon.
             The game lasted 00:27:48 (4677 turns).

EldarEldrad the Cleaver (Minotaur Berserker)        Turns: 4677, Time: 00:27:49

Health: -7/64      AC:  8    Str: 24    XL:     8   Next: 76%
Magic:  7/7        EV: 11    Int:  4    God:    Trog [***...]
Gold:   1          SH:  5    Dex: 10    Spells: 7/7 levels left

rFire    . . .     SeeInvis .   a - +2 hand axe (flame)
rCold    . . .     Faith    .   (no shield)
rNeg     . . .     Spirit   .   d - +0 ring mail
rPois    .         Reflect  +   (helmet restricted)
rElec    .         Harm     .   f - +0 cloak
rCorr    .         Rampage  .   m - +0 pair of gloves
Will     .....                  j - +0 pair of boots
Stlth    ..........             c - amulet of reflection
HPRegen  0.20/turn              (no ring)
MPRegen  0.10/turn              (no ring)

@: berserk cooldown, slowed, very slow
A: horns 2, retaliatory headbutt
a: Renounce Religion, Berserk, Trog's Hand


You were on level 7 of the Dungeon.
You worshipped Trog.
Trog was most pleased with you.
You visited 2 branches of the dungeon, and saw 8 of its levels.

You collected 295 gold pieces.
You spent 294 gold pieces at shops.

Inventory:

Hand Weapons
 a - a +2 hand axe of flaming (weapon)
 b - a +0 broad axe
Missiles
 B - 14 poisoned darts (quivered)
Armour
 d - a +0 ring mail (worn)
 e - a +0 chain mail
 f - a +0 cloak (worn)
 h - a +0 buckler
 j - a +0 pair of boots (worn)
 m - a +0 pair of gloves (worn)
 r - a +0 scale mail
Jewellery
 c - an amulet of reflection (around neck)
Wands
 i - a wand of acid (8)
 s - a wand of mindburst (8)
 v - a wand of flame (11)
 C - a wand of iceblast (8)
Scrolls
 g - a scroll of random uselessness {unknown}
 l - a scroll of enchant weapon {unknown}
 n - 2 scrolls of teleportation {unknown}
 o - a scroll of fog {unknown}
 u - a scroll of amnesia {unknown}
 w - 2 scrolls of blinking {unknown}
 y - a scroll of noise {unknown}
Potions
 q - a potion of cancellation
 t - 3 potions of curing
 x - a potion of resistance
 z - 2 potions of degeneration
 A - 3 potions of flight
 D - a potion of might
 E - a potion of berserk rage
 F - a potion of lignification


   Skills:
 - Level 3.6 Fighting
 * Level 13.4 Axes
 - Level 2.4 Armour
 - Level 2.1 Dodging


You had 7 spell levels left.
You didn't know any spells.
Your spell library was empty.

Dungeon Overview and Level Annotations

Branches:
Dungeon (7/15)             Temple (1/1) D:6

Altars:
Ashenzari
Cheibriados
Dithmenos
Elyvilon
Fedhas
Gozag
Hepliaklqana
Kikubaaqudgha
Makhleb
Nemelex Xobeh
Qazlal
Ru
Sif Muna
Trog
Uskayaw
Wu Jian
Xom
Yredelemnul
Zin

Shops:
D:2 !


Innate Abilities, Weirdness & Mutations

You have a pair of horns on your head.
You reflexively headbutt those who attack you in melee.


Message History

The swamp worm bites the plant!
The swamp worm bites the plant!
The swamp worm bites the plant.
The plant begins to die.
The swamp worm fires a harpoon shot at you.
The harpoon shot hits you!
You are yanked forward by the harpoon shot.
You closely miss the swamp worm. The swamp worm bites you!
A red film seems to cover your vision as you go berserk!
You feel yourself moving faster!
You feel mighty! The swamp worm bites you!
You slash the swamp worm! You burn the swamp worm.
Your headbutt misses the swamp worm.
The swamp worm is moderately wounded.
The swamp worm bites you!
You slash the swamp worm! You burn the swamp worm.
The swamp worm is almost dead.
You slash the swamp worm! You burn the swamp worm.
You kill the swamp worm!
Trog accepts your kill.
The swamp worm fires a harpoon shot at you.
The harpoon shot misses you.
You feel a strong urge to attack something.
The swamp worm fires a harpoon shot at you.
The harpoon shot hits you!
* * * LOW HITPOINT WARNING * * *
You are yanked forward by the harpoon shot.
You slash the swamp worm! You burn the swamp worm.
The swamp worm is heavily wounded.
You barely miss the swamp worm.
The swamp worm is heavily wounded.
You are no longer berserk.
You are exhausted.
You feel yourself slow down. The swamp worm bites you!
* * * LOW HITPOINT WARNING * * *
You feel much better. The swamp worm bites you!
* * * LOW HITPOINT WARNING * * *
The swamp worm bites you but does no damage.
You hit the swamp worm. You burn the swamp worm.
The swamp worm is severely wounded.
The swamp worm bites you!
You die...

### #.. #.# #.# #.#
########.#
#.....@ww########
#.######≈≈≈≈≈......
# #≈≈≈≈≈≈≈###..
##≈≈P≈≈≈≈###.##
##≈≈##w##≈≈....
#≈≈≈# w$#≈≈≈#.##
#≈≈## ≈≈##≈≈#..
#≈≈# ≈≈≈#≈≈.†#####
#≈≈## ≈≈##≈≈.<.....


You could see 2 swamp worms.

Vanquished Creatures
  A swamp worm (D:7)
  An ice beast (D:6)
  Duvessa (D:6)
  An ogre (D:5)
  A centaur (D:6)
  A phantom (D:4)
  3 bullfrogs (D:6)
  Blork the orc (D:4)
  2 scorpions (D:4)
  Dowan (D:6)
  5 wights (D:6)
  A howler monkey (D:5)
  2 centaur zombies (D:6)
  3 hounds
  2 orc priests
  Ijyb (D:3)
  An orc wizard (D:6)
  2 worker ants
  A hound zombie (D:5)
  A worker ant zombie (D:6)
  8 adders
  A white imp (D:5)
  An ufetubus (D:3)
  3 oozes
  5 worms
  3 dart slugs
  5 leopard geckos
  6 orcs
  5 giant cockroaches
  8 goblins
  5 hobgoblins
  10 jackals
  6 kobolds
  2 quokkas
  5 bats
  6 frilled lizards
  A jackal zombie (D:5)
  A leopard gecko zombie (D:6)
  8 rats
121 creatures vanquished.

Vanquished Creatures (others)
  4 plants (D:7)
4 creatures vanquished.

Grand Total: 125 creatures vanquished

Notes
Turn   | Place    | Note
-------+----------+-------------------------------------------
     0 | D:1      | EldarEldrad the Minotaur Berserker began the quest for the
                  | Orb.
     0 | D:1      | Reached XP level 1. HP: 19/19 MP: 0/0
    84 | D:1      | Reached skill level 4 in Axes
   195 | D:1      | Reached XP level 2. HP: 26/26 MP: 1/1
   305 | D:1      | Found a broken altar of Ashenzari.
   519 | D:1      | Reached skill level 5 in Axes
   579 | D:1      | Reached XP level 3. HP: 31/31 MP: 2/2
  1033 | D:2      | Found a snail-covered altar of Cheibriados.
  1165 | D:2      | Reached ** piety under Trog
  1244 | D:2      | Found Zakud's Distillery.
  1247 | D:2      | Bought a potion of heal wounds for 70 gold pieces
  1398 | D:3      | Found a broken altar of Ashenzari.
  1400 | D:3      | Noticed Ijyb
  1407 | D:3      | Reached XP level 4. HP: 39/39 MP: 3/3
  1409 | D:3      | Reached skill level 6 in Axes
  1414 | D:3      | Killed Ijyb
  1518 | D:3      | Found a transporter.
  1722 | D:3      | Reached XP level 5. HP: 39/45 MP: 4/4
  1769 | D:3      | Reached skill level 7 in Axes
  1837 | D:3      | Found a transporter.
  2131 | D:3      | Found a sacrificial altar of Ru.
  2378 | D:4      | Found an ancient bone altar of Kikubaaqudgha.
  2403 | D:4      | Reached skill level 8 in Axes
  2403 | D:4      | Reached XP level 6. HP: 48/51 MP: 5/5
  2417 | D:4      | Found a shadowy altar of Dithmenos.
  2610 | D:4      | Reached skill level 9 in Axes
  2690 | D:4      | Found a stormy altar of Qazlal.
  2806 | D:5      | Entered Level 5 of the Dungeon
  2830 | D:5      | Found a glowing silver altar of Zin.
  3002 | D:5      | Noticed Blork the orc
  3030 | D:4      | Killed Blork the orc
  3031 | D:4      | Reached XP level 7. HP: 57/57 MP: 6/6
  3085 | D:5      | Reached skill level 10 in Axes
  3185 | D:5      | Found a hide-covered altar of Uskayaw.
  3206 | D:5      | Found a broken altar of Ashenzari.
  3254 | D:6      | Reached *** piety under Trog
  3443 | D:6      | Reached skill level 11 in Axes
  3738 | D:6      | Found a staircase to the Ecumenical Temple.
  3747 | Temple   | Entered the Ecumenical Temple
  3936 | D:6      | Noticed Dowan
  3956 | D:6      | Killed Dowan
  3957 | D:6      | Reached XP level 8. HP: 60/64 MP: 7/7
  3998 | D:6      | Noticed Duvessa
  4011 | D:6      | Killed Duvessa
  4016 | D:6      | Reached skill level 12 in Axes
  4073 | D:6      | Found a shimmering blue altar of Sif Muna.
  4358 | D:6      | Reached skill level 13 in Axes
  4550 | D:2      | Bought a potion of degeneration for 14 gold pieces
  4550 | D:2      | Bought a potion of might for 56 gold pieces
  4550 | D:2      | Bought a potion of flight for 42 gold pieces
  4550 | D:2      | Bought a potion of berserk rage for 70 gold pieces
  4550 | D:2      | Bought a potion of lignification for 42 gold pieces
  4675 | D:7      | HP: 2/64 [swamp worm (10)]
  4677 | D:7      | Mangled by a swamp worm

Illustrated notes

Levels and vault maps discovered:
D:1:      dpeg_arrival_concentric_ovals, layout_basic, ashenzari_altar_1
D:2:      layout_rooms, cheibriados_altar_1, serial_shops,
          nicolae_shop_behind_doors
D:3:      gammafunk_wand_slinger, layout_loops_cross, old_standard_altar,
          marbit_many_paths, minmay_vboxes, uniq_ijyb
D:4:      layout_gridville, old_standard_altar,
          grunt_dithmenos_smoke_and_mirrors, nicolae_qazlal_scattered_showers
D:5:      layout_basic, lemuel_doored_altar, nicolae_overflow_crystal_walls,
          basic_altar, uniq_blork_the_orc
D:6:      layout_basic, minmay_temple_entry_poolview, led_sif_book, uniq_duvessa
D:7:      hangedman_cross_stitches, layout_loops_cross,
          nicolae_vehumet_radiance, serial_shops, kennysheep_mini, worms_lemuel
Temple:   chequers_temple_sunken

Skill      XL: |  1  2  3  4  5  6  7  8 |
---------------+-------------------------+-----
Axes           | 4 5 6 8 9 11 13 | 13.4
Fighting       | |  3.6
Armour         | |  2.4
Dodging        | |  2.1

Action                   |  1- 3 |  4- 6 |  7- 9 || total
-------------------------+-------+-------+-------++-------
Melee: Hand axe          |    86 |   106 |   116 ||   308
       Headbutt          |    15 |    17 |    24 ||    56
Throw: Dart              |       |     7 |       ||     7
Invok: Berserk           |     1 |     2 |     2 ||     5
       Trog's Hand       |       |     1 |     1 ||     2
  Use: Scroll            |       |       |     3 ||     3
       Potion            |       |       |     1 ||     1
Armor: Animal skin       |     1 |       |       ||     1
       Ring mail         |    20 |    20 |    18 ||    58
Dodge: Dodged            |    32 |    33 |    27 ||    92
Block: Other             |     9 |    13 |    14 ||    36
       Reflection        |     1 |       |       ||     1

Table legend: (Time is in decaauts)
 A = Elapsed time spent in this place.
 B = Non-inter-level travel time spent in this place.
 C = Inter-level travel time spent in this place.
 D = Time resting spent in this place.
 E = Time spent auto-exploring this place.
 F = Levels seen in this place.
 G = Mean time per level.
                   A        B        C        D        E       F      G
               +--------+--------+--------+--------+--------+-----+--------+
         Total |   4733 |   4413 |    320 |    690 |   2069 |   8 |  591.6 |
       Dungeon |   4516 |   4228 |    288 |    690 |   1886 |   7 |  645.1 |
        Temple |    217 |    185 |     32 |      0 |    183 |   1 |  217.0 |
               +--------+--------+--------+--------+--------+-----+--------+

Top non-repeatable levels by time:
     D:6: 1086 daAuts
     D:3: 1021 daAuts
     D:1: 984 daAuts
     D:4: 531 daAuts
     D:2: 440 daAuts
     D:5: 388 daAuts
  Temple: 217 daAuts
     D:7: 64 daAuts
